 Dungeon Crawl Stone Soup version 0.27.1-1-g398f81649c (webtiles) character file.

Game seed: 12500539776482882866

341 Metae the Skirmisher (level 6, -12/56 HPs)
             Began as a Hill Orc Fighter on Sept 13, 2021.
             Mangled by an ogre (25 damage)
             ... on level 5 of the Dungeon.
             The game lasted 00:09:11 (3101 turns).

Metae the Skirmisher (Hill Orc Fighter)             Turns: 3101, Time: 00:09:11

Health: -12/56     AC: 10    Str: 21    XL:     6   Next: 56%
Magic:  6/6        EV:  5    Int:  8    God:
Gold:   41         SH:  9    Dex: 10    Spells: 5/5 levels left

rFire    . . .     SeeInvis .   m - +2 war axe (vorpal)
rCold    . . .     Faith    .   c - +0 kite shield
rNeg     . . .     Spirit   .   k - +0 chain mail
rPois    .         Reflect  .   (no helmet)
rElec    .         Harm     .   (no cloak)
rCorr    .         Rampage  .   u - +0 pair of gloves
Will     .....                  (no boots)
Stlth    ..........             (no amulet)
HPRegen  0.18/turn              (no ring)
MPRegen  0.10/turn              (no ring)

@: no status effects
A: no striking features
a: no special abilities


You were on level 5 of the Dungeon.
You visited 1 branch of the dungeon, and saw 5 of its levels.

You collected 145 gold pieces.
You spent 104 gold pieces at shops.

Inventory:

Hand Weapons
 a - a +0 war axe
 m - a +2 vorpal war axe (weapon)
Missiles
 l - 169 stones (quivered)
Armour
 b - a +0 scale mail
 c - a +0 kite shield (worn)
 k - a +0 chain mail (worn)
 u - a +0 pair of gloves (worn)
Jewellery
 e - a ring of magical power
Scrolls
 g - 2 scrolls of blinking
 i - a scroll of magic mapping {unknown}
 j - 2 scrolls of identify
 p - a scroll of vulnerability {unknown}
 t - a scroll of torment {unknown}
Potions
 d - 2 potions of might
 f - 3 potions of flight {unknown}
 h - 2 potions of invisibility {unknown}
 n - 3 potions of attraction {unknown}
 o - 2 potions of heal wounds
 q - a potion of curing
 r - a potion of degeneration {unknown}
 s - a potion of mutation {unknown}


   Skills:
 + Level 5.2 Fighting
 + Level 4.9 Axes
 + Level 4.8 Armour
 + Level 4.8 Shields


You had 5 spell levels left.
You didn't know any spells.
Your spell library contained the following spells:

 Spells                   Type           Power      Damage    Failure   Level
 Beastly Appendage        Tmut           0%         N/A       100%        1
 Pain                     Necr           0%         1d4       100%        1
 Wereblood                Tmut           0%         N/A       100%        2
 Spider Form              Tmut/Pois      0%         N/A       100%        3
 Agony                    Necr           0%         N/A       100%        5
 Excruciating Wounds      Necr           0%         N/A       100%        5
 Freezing Cloud           Conj/Ice/Air   0%         6-21      100%        5
 Simulacrum               Ice/Necr       0%         N/A       100%        6
 Polar Vortex             Ice            0%         N/A       100%        9


Dungeon Overview and Level Annotations

Branches:
Dungeon (5/15)
 Temple: D:4-7

Altars:

Shops:
D:3 (   D:4 *[!(*


Message History

The water moccasin is heavily wounded.
You feel sick. You block the water moccasin's attack.
The water moccasin bites you.
* * * LOW HITPOINT WARNING * * *
You are lethally poisoned!
The water moccasin poisons you!
You feel better. The water moccasin bites you.
The water moccasin bites you but does no damage.
You slash the water moccasin!
You kill the water moccasin!
You start resting.
HP restored.
You start waiting.
Done waiting.
You start waiting.
Done waiting.
Things that are here:
a +0 leather armour; a water moccasin skeleton
There is a stone staircase leading down, spattered with blood here.
You can't go up here!
You climb downwards.
You block the ogre's attack.
There is a stone staircase leading up here.
Your shield and chain mail prevent you from hitting the ogre.
The ogre hits you with a +0 giant spiked club!!
You slash the ogre!
The ogre is heavily wounded.
The ogre hits you with a +0 giant spiked club!
You hit the ogre.
The ogre is severely wounded.
You block the ogre's attack.
You hit the ogre.
The ogre is severely wounded.
The ogre hits you with a +0 giant spiked club.
* * * LOW HITPOINT WARNING * * *
The ogre hits you with a +0 giant spiked club.
* * * LOW HITPOINT WARNING * * *
You hit the ogre but do no damage.
The ogre is severely wounded.
The ogre hits you with a +0 giant spiked club!!
You die...

..# ..## #
...#.
###...##
##......###
#.........#
##.........#
#......@..#
#.......O.#
#......####
##...## ####


You could see an ogre.

Vanquished Creatures
  Menkaure (D:4)
  A water moccasin (D:4)
  A bullfrog skeleton (D:4)
  An adder (D:3)
  An ufetubus (D:4)
  2 worms
  A dart slug (D:1)
  An orc (D:4)
  3 endoplasms
  4 giant cockroaches
  3 goblins
  6 hobgoblins
  5 jackals
  3 kobolds
  4 quokkas
  3 ball pythons
  3 bats
  8 frilled lizards
  25 rats
76 creatures vanquished.

Notes
Turn   | Place    | Note
-------+----------+-------------------------------------------
     0 | D:1      | Metae the Hill Orc Fighter began the quest for the Orb.
     0 | D:1      | Reached XP level 1. HP: 19/19 MP: 1/1
    89 | D:1      | Reached XP level 2. HP: 22/27 MP: 2/2
   525 | D:1      | Reached skill level 4 in Fighting
   567 | D:1      | Reached XP level 3. HP: 33/33 MP: 3/3
  1661 | D:3      | Reached XP level 4. HP: 36/40 MP: 4/4
  1691 | D:3      | Found Bubytegg's Antique Weapon Shop.
  1788 | D:3      | Found a faded altar of an unknown god.
  2117 | D:4      | Noticed Menkaure
  2122 | D:4      | Killed Menkaure
  2123 | D:4      | Reached XP level 5. HP: 47/47 MP: 5/5
  2136 | D:4      | Found Keck's General Store.
  2147 | D:4      | Found Coaferr's Distillery.
  2162 | D:4      | Bought a potion of curing for 39 gold pieces
  2162 | D:4      | Bought a potion of heal wounds for 65 gold pieces
  2215 | D:4      | Found Taoff's General Store.
  2323 | D:4      | Found Doaj's Antique Weapon Boutique.
  2334 | D:4      | Reached XP level 6. HP: 52/55 MP: 6/6
  2384 | D:4      | Identified the +0 leather armour "Osuthutt" {Str+5 Slay-4}
  2591 | D:4      | Found Caush's Armour Shoppe.
  2595 | D:4      | Reached skill level 5 in Fighting
  2683 | D:5      | Entered Level 5 of the Dungeon
  2683 | D:5      | Noticed a water moccasin
  2694 | D:4      | Killed a water moccasin
  3101 | D:5      | Mangled by an ogre

Illustrated notes

Levels and vault maps discovered:
D:1:      dpeg_arrival_pits, layout_rooms
D:2:      layout_basic, minmay_rat_hole
D:3:      layout_basic, dreamdust_ecumenical_altar_statues, serial_shops, shop
D:4:      layout_basic, serial_shops, shop, nicolae_shop_stone,
          nicolae_square_shop, nicolae_shop_crystal, shop, uniq_menkaure
D:5:      layout_cave_pods, grunt_dithmenos_shadows,
          minmay_temple_entry_drinking_statues, kennysheep_generic_room_4

Skill      XL: |  1  2  3  4  5  6 |
---------------+-------------------+-----
Axes           | 3 4 |  4.9
Fighting       | 4 5 |  5.2
Armour         | 4 |  4.8
Shields        | 4 |  4.8

Action                   |  1- 3 |  4- 6 || total
-------------------------+-------+-------++-------
Melee: War axe           |   107 |    51 ||   158
  Use: Scroll            |       |     1 ||     1
       Potion            |       |     1 ||     1
Armor: Scale mail        |    26 |       ||    26
       Chain mail        |    51 |    22 ||    73
Dodge: Dodged            |    29 |    15 ||    44
Block: Kite shield       |    44 |    28 ||    72
